 Dungeon Crawl Stone Soup version 0.30-a0-728-gc68057be0a (webtiles) character file.

Game seed: 16790490881544875697

2829156 oldriver the Conqueror (level 27, 273/273 HPs)
             Began as a Ghoul Gladiator on Jan 31, 2023.
             Was the Champion of Makhleb.
             Escaped with the Orb
             ... and 5 runes!
             The game lasted 02:31:03 (87634 turns).

oldriver the Conqueror (Ghoul Gladiator)           Turns: 87634, Time: 02:31:04

Health: 273/273    AC: 52    Str: 41 (45) XL:     27
Magic:  33/33      EV: 16    Int: 11      God:    Makhleb [******]
Gold:   7626       SH: 15    Dex: 12      Spells: 26/26 levels left

rFire   + + +      SeeInvis +    b - +10 broad axe of Pride {freeze, SInv Stlth+}
rCold   + + +      Faith    .    k - +2 shield of Resistance {rF++ rC++ Will++}
rNeg    + + +      Spirit   +    M - +12 gold dragon scales "Ingihowk" {Harm rPois rF+ rC+ Will+++ Int-4 Dex-5}
rPois   ∞          Reflect  .    w - +0 helmet of Lurys {rPois Will+ Str+3 Stlth+}
rElec   +          Harm     +    B - +2 cloak
rCorr   +          Rampage  .    h - +2 pair of gloves {hurl}
Will    +++++                    C - +1 pair of boots of the Kettle-Drum {Dex+5}
Stlth   +                        o - amulet of Vuohihaf {Spirit Contam rF+ Will+ Str+8 Int-2}
HPRegen 0.65/turn                m - ring "Ezep Asch" {*Slow rElec rC++ rCorr Int+6}
MPRegen 0.23/turn                e - ring "Alost" {rPois rC+++ Str+6 Int+6}

@: studying 2 skills
A: claws 1, cold resistance 1, negative energy resistance 3, inhibited
regeneration, torment resistance 2, devour on kill
0: Orb of Zot
}: 5/15 runes: barnacled, slimy, silver, abyssal, gossamer
a: Renounce Religion, Minor Destruction, Lesser Servant of Makhleb, Major
Destruction, Greater Servant of Makhleb


You escaped.
You worshipped Makhleb.
Makhleb was exalted by your worship.
You visited 11 branches of the dungeon, and saw 55 of its levels.
You visited Pandemonium 1 time, and saw 8 of its levels.
You visited the Abyss 3 times.
You also visited: Ossuary, Bailey, Gauntlet, Ice Cave and Volcano.

You collected 10130 gold pieces.
You spent 2504 gold pieces at shops.

Inventory:

Hand Weapons
 b - the +10 broad axe of Pride (weapon) {freeze, SInv Stlth+}
   (You found it on level 15 of the Dungeon)

   SInv:      It lets you see invisible.
   Stlth:     It makes you more stealthy.
 W - the +16 obsidian axe {drain, demonic, Mesm Drain Fly SInv}
   (You took it off a deep elf death mage on level 3 of the Elven Halls)

   Mesm:      Its wielder is mesmerised by any visible foes, and it cannot be
   unequipped while any foes are visible.
   SInv:      It lets you see invisible.
   Fly:       It grants you flight.
   Drain:     It drains your maximum health when unequipped.
Missiles
 d - 8 throwing nets
 g - 25 boomerangs (quivered)
 t - 4 javelins
 E - 2 boomerangs of dispersal
 F - 5 silver boomerangs
 I - 8 curare-tipped darts
 O - 10 silver javelins
Armour
 h - a +2 pair of gloves of hurling (worn)
 k - the +2 shield of Resistance (worn) {rF++ rC++ Will++}
   (You found it on level 3 of the Vaults)

   rF:        It greatly protects you from fire.
   rC:        It greatly protects you from cold.
   Will:      It greatly increases your willpower.
 w - the +0 helmet of Lurys (worn) {rPois Will+ Str+3 Stlth+}
   (You acquired it in Pandemonium)

   Str:       It affects your strength (+3).
   rPois:     It protects you from poison.
   Will:      It increases your willpower.
   Stlth:     It makes you more stealthy.
 B - a +2 cloak (worn)
 C - the +1 pair of boots of the Kettle-Drum (worn) {Dex+5}
   (You found it on level 7 of the Dungeon)

   Dex:       It affects your dexterity (+5).
 M - the +12 gold dragon scales "Ingihowk" (worn) {Harm rPois rF+ rC+ Will+++ Int-4 Dex-5}
   (You bought it in a shop on level 9 of the Dungeon)

   Int:       It affects your intelligence (-4).
   Dex:       It affects your dexterity (-5).
   rF:        It protects you from fire.
   rC:        It protects you from cold.
   rPois:     It protects you from poison.
   Harm:      It increases damage dealt and taken.
   Will:      It greatly increases your willpower.
 R - a +2 cloak of preservation
Jewellery
 e - the ring "Alost" (right hand) {rPois rC+++ Str+6 Int+6}
   (You found it in a Gauntlet)

   [ring of strength]

   Str:       It affects your strength (+6).
   Int:       It affects your intelligence (+6).
   rC:        It renders you almost immune to cold.
   rPois:     It protects you from poison.
 m - the ring "Ezep Asch" (left hand) {*Slow rElec rC++ rCorr Int+6}
   (You found it on level 3 of the Elven Halls)

   [ring of intelligence]

   Int:       It affects your intelligence (+6).
   rC:        It greatly protects you from cold.
   rElec:     It insulates you from electricity.
   rCorr:     It protects you from acid and corrosion.
   *Slow:     It may slow you when you take damage.
 o - the amulet of Vuohihaf (around neck) {Spirit Contam rF+ Will+ Str+8 Int-2}
   (You acquired it on level 3 of the Depths)

   [amulet of guardian spirit]

   It causes incoming damage to be divided between your reserves of health and
   magic.
   Str:       It affects your strength (+8).
   Int:       It affects your intelligence (-2).
   rF:        It protects you from fire.
   Contam:    It causes magical contamination when unequipped.
   Will:      It increases your willpower.
 y - a +5 ring of evasion
Wands
 f - a wand of flame (112)
 v - a wand of polymorph (3)
 K - a wand of digging (1)
 Q - a wand of mindburst (61)
 T - a wand of roots (60)
 V - a wand of acid (19)
Scrolls
 a - 11 scrolls of immolation
 c - a scroll of enchant armour
 j - 12 scrolls of teleportation
 n - 8 scrolls of fog
 p - 3 scrolls of torment
 u - 9 scrolls of fear
 z - 4 scrolls of silence
 A - 4 scrolls of noise
 D - 17 scrolls of blinking
 L - a scroll of summoning
 N - 2 scrolls of poison
 S - 10 scrolls of magic mapping
Potions
 i - 9 potions of haste
 q - 9 potions of invisibility
 r - 30 potions of curing
 s - 6 potions of might
 H - 9 potions of cancellation
 P - 2 potions of resistance
 U - 2 potions of magic
 Y - 5 potions of heal wounds
Miscellaneous
 l - a lightning rod (4/4)
 x - a phantom mirror
 G - a tin of tremorstones (2/2)
 J - a condenser vane


   Skills:
 O Level 27 Fighting
 - Level 20.0 Axes
 - Level 15.0 Throwing
 O Level 27 Armour
 + Level 20.4 Dodging
 - Level 15.0 Stealth
 - Level 17.0 Shields
 - Level 15.0 Invocations
 - Level 15.0 Evocations


You had 26 spell levels left.
You didn't know any spells.
Your spell library contained the following spells:

 Spells                   Type           Power      Damage    Failure   Level
 Apportation              Tloc           0%         N/A       89%         1
 Foxfire                  Conj/Fire      0%         2x1d4     89%         1
 Freeze                   Ice            0%         1d3       89%         1
 Kiss of Death            Conj/Necr      0%         2d5       89%         1
 Magic Dart               Conj           0%         1d3       89%         1
 Necrotise                Necr           0%         1d4       89%         1
 Sandblast                Erth           0%         2d4       89%         1
 Shock                    Conj/Air       0%         1d3       89%         1
 Slow                     Hex            0%         N/A       89%         1
 Sting                    Tmut/Pois      0%         1d3       89%         1
 Blink                    Tloc           0%         N/A       96%         2
 Call Imp                 Summ           0%         N/A       96%         2
 Ensorcelled Hibernation  Hex/Ice        0%         N/A       96%         2
 Lesser Beckoning         Tloc           0%         N/A       96%         2
 Passwall                 Tmut/Erth      0%         N/A       96%         2
 Poisonous Vapours        Pois/Air       0%         N/A       96%         2
 Scorch                   Fire           0%         2d5       96%         2
 Static Discharge         Conj/Air       0%         2-2/arc   96%         2
 Call Canine Familiar     Summ           0%         N/A       99%         3
 Confusing Touch          Hex            0%         N/A       99%         3
 Dazzling Flash           Conj/Hex       0%         N/A       99%         3
 Frozen Ramparts          Ice            0%         1d1       99%         3
 Gell's Gravitas          Tloc           0%         N/A       99%         3
 Hailstorm                Conj/Ice       0%         3d3       99%         3
 Ignite Poison            Fire/Tmut/Pois 0%         N/A       99%         3
 Inner Flame              Hex/Fire       0%         N/A       99%         3
 Kindle Blastsparks       Fire/Tloc/Air  0%         2d10      99%         3
 Mephitic Cloud           Conj/Pois/Air  0%         N/A       99%         3
 Ozocubu's Armour         Ice            0%         N/A       99%         3
 Portal Projectile        Hex/Tloc       0%         N/A       99%         3
 Stone Arrow              Conj/Erth      0%         3d7       99%         3
 Swiftness                Air            0%         N/A       99%         3
 Teleport Other           Tloc           0%         N/A       99%         3
 Tukima's Dance           Hex            0%         N/A       99%         3
 Vampiric Draining        Necr           0%         2d6       99%         3
 Vhi's Electric Charge    Tloc/Air       0%         N/A       99%         3
 Airstrike                Air            0%         2d(0-16)  100%        4
 Anguish                  Hex/Necr       0%         N/A       100%        4
 Animate Armour           Summ/Erth      0%         N/A       100%        4
 Animate Dead             Necr           0%         N/A       100%        4
 Cause Fear               Hex            0%         N/A       100%        4
 Flame Wave               Conj/Fire      0%         2d4       100%        4
 Fulminant Prism          Conj/Hex       0%         3d5       100%        4
 Iskenderun's Mystic Bla  Conj/Tloc      0%         2d3       100%        4
 Leda's Liquefaction      Hex/Erth       0%         N/A       100%        4
 Manifold Assault         Tloc           0%         N/A       100%        4
 Olgreb's Toxic Radiance  Pois           0%         N/A       100%        4
 Passage of Golubria      Tloc           0%         N/A       100%        4
 Petrify                  Tmut/Erth      0%         N/A       100%        4
 Sticky Flame             Conj/Fire      0%         2d3       100%        4
 Summon Ice Beast         Ice/Summ       0%         N/A       100%        4
 Summon Lightning Spire   Summ/Air       0%         N/A       100%        4
 Alistair's Intoxication  Tmut/Pois      0%         N/A       100%        5
 Arcjolt                  Conj/Air       0%         1d10      100%        5
 Borgnjor's Vile Clutch   Necr/Erth      0%         N/A       100%        5
 Fireball                 Conj/Fire      0%         3d3       100%        5
 Irradiate                Conj/Tmut      0%         3d11      100%        5
 Lee's Rapid Deconstruct  Erth           0%         3d4*      100%        5
 Lightning Bolt           Conj/Air       0%         1d11      100%        5
 Metabolic Englaciation   Hex/Ice        0%         N/A       100%        5
 Silence                  Hex/Air        0%         N/A       100%        5
 Summon Forest            Summ/Tloc      0%         N/A       100%        5
 Summon Mana Viper        Hex/Summ       0%         N/A       100%        5
 Yara's Violent Unravell  Hex/Tmut       0%         3d3       100%        5
 Conjure Ball Lightning   Conj/Air       0%         3x3d6     100%        6
 Death Channel            Necr           0%         N/A       100%        6
 Eringya's Noxious Bog    Tmut/Pois      0%         N/A       100%        6
 Iron Shot                Conj/Erth      0%         9d1       100%        6
 Simulacrum               Ice/Necr       0%         N/A       100%        6
 Starburst                Conj/Fire      0%         6d3       100%        6
 Summon Cactus Giant      Summ           0%         N/A       100%        6
 Enfeeble                 Hex            0%         N/A       100%        7
 Haunt                    Necr/Summ      0%         N/A       100%        7
 Malign Gateway           Summ/Tloc      0%         N/A       100%        7
 Summon Hydra             Summ           0%         N/A       100%        7
 Discord                  Hex            0%         N/A       100%        8
 Disjunction              Tloc           0%         N/A       100%        8
 Ignition                 Fire           0%         3d3       100%        8
 Infestation              Necr           0%         N/A       100%        8
 Lehudib's Crystal Spear  Conj/Erth      0%         10d2      100%        8
 Maxwell's Capacitive Co  Air            0%         ∞         100%        8
 Summon Horrible Things   Summ           0%         N/A       100%        8
 Chain Lightning          Conj/Air       0%         N/A       100%        9
 Dragon's Call            Summ           0%         N/A       100%        9
 Fire Storm               Conj/Fire      0%         5d1       100%        9
 Shatter                  Erth           0%         3d5*      100%        9
 Sublimation of Blood     Necr           Unusable   N/A       N/A         2
 Wereblood                Tmut           Unusable   N/A       N/A         2
 Blade Hands              Tmut           Unusable   N/A       N/A         5
 Statue Form              Tmut/Erth      Unusable   N/A       N/A         6
 Dragon Form              Tmut           Unusable   N/A       N/A         7
 Storm Form               Tmut/Air       Unusable   N/A       N/A         7
 Necromutation            Tmut/Necr      Unusable   N/A       N/A         8

Dungeon Overview and Level Annotations

Branches:
Dungeon (15/15)            Temple (0/1) D:5            Lair (5/5) D:9
 Shoals (4/4) Lair:2       Spider (4/4) Lair:2        Slime (5/5) Lair:5
    Orc (2/2) D:10            Elf (3/3) Orc:2        Vaults (5/5) D:14
  Crypt (3/3) Vaults:3       Tomb (0/3) Crypt:3      Depths (4/4) D:15
    Zot (5/5) Depths:4    Ossuary (visited)          Bailey (visited)
  IceCv (visited)         Volcano (visited)         Gauntlet (visited)

Altars:
Cheibriados
Kikubaaqudgha
Makhleb
Okawaru
Qazlal
Yredelemnul
Jiyva
Lugonu

Shops:
D:5 (!   D:9 [   Orc:2 ([*:   Elf:1 (   Vaults:2 [(   Depths:1 ![=   Depths:3 *

Portals:
Hell: Depths:1 Depths:2 Depths:3 Depths:4
Abyss: Depths:3
Pandemonium: Depths:2
Ziggurat: Depths:3
Trove: D:12 (give +6 demon whip)

Annotations:
D:7 1 runed translucent door, Crazy Yiuf
Lair:4 exclusion: oklob plant
Elf:2 4 runed translucent doors
Zot:4 1 runed translucent door, Meadakhi's ghost, master DgEE
Zot:5 2 transporters


Innate Abilities, Weirdness & Mutations

You are immune to poison.
You have sharp fingernails.
Your flesh is cold resistant. (rC+)
You are immune to negative energy. (rN+++)
You do not regenerate when monsters are visible.
You are immune to unholy pain and torment.
You thrive by killing the living.


Message History

Magic restored.
Items here: ))) [.
Items here: )) [[.
There is a stone staircase leading up here.
You climb upwards.
There is a stone staircase leading down here.
There is a stone staircase leading up here.
You climb upwards.
There is a stone staircase leading down here.
You see here a +0 halberd.
Your extra speed is starting to run out.
There is a stone staircase leading up here.
You climb upwards.
There is a stone staircase leading down here.
You feel yourself slow down.
There is a stone staircase leading up here.
You climb upwards.
There is a stone staircase leading down, spattered with blood here.
You see here a +0 whip.
You see here a +0 halberd.
There is a stone staircase leading up here.
You see here a +0 flail.
You climb upwards.
There is a stone staircase leading down here.
There is a stone staircase leading up here.
You climb upwards.
There is a stone staircase leading down here.
Sorry, I don't know how to traverse that place.
Aiming: Dig
Press: ? - help, Shift-Dir - straight line A rock wall.
This square is covered in magical glow.
The rock shatters into small pieces.
Aiming: Dig
Press: ? - help, Shift-Dir - straight line, f - you Please select a direction to dig.
This square is covered in magical glow.
The rock shatters into small pieces.
There is a staircase leading out of the dungeon here.
You have escaped!

...# #...#.....#.#
...# ###.###.###.#
...# #...#.....#.#
...####.#######.#.#
...##.....# #...#
##.##.###.# ###.##
#.##.#...# #..#
#.##.#.##### ##.##
#.##.#.#...# #@.#
#.##.###.#.#####.#
#.##.....#...#...#
##.####.###.#.#.###
[.......#...#...#
#########.#######
....# ###.#########
....# #...........#
....#####.#######.#


There were no monsters in sight!

Vanquished Creatures
  5 pandemonium lords
  the Royal Jelly (Slime:5)
  Khufu (Crypt:1)
  3 dread liches
  11 orbs of fire
  Mara (Vaults:4)
  An ancient lich (Vaults:5)
  A juggernaut (Depths:3)
  A royal mummy (Crypt:1)
  Josephina (Depths:4)
  Boris (twice) (Vaults:4 Crypt:2)
  2 curse toes
  4 Killer Klowns (Zot:5)
  4 caustic shrikes (Depths:4)
  A profane servitor (Abyss:5)
  10 golden dragons
  Arachne (Spider:4)
  6 Brimstone Fiends (Pan)
  4 electric golems
  11 Tzitzimimeh
  A hellephant (Pan)
  2 Hell Sentinels (Pan)
  23 tentacled monstrosities
  3 Ice Fiends (Pan)
  Asterion (Depths:1)
  Zenata (Crypt:1)
  6 deep elf blademasters (Elf:3)
  26 Orb Guardians
  4 titans
  Rupert (D:13)
  3 liches
  20 acid blobs
  7 quicksilver dragons
  5 deep elf master archers (Elf:3)
  A walking divine tome (Depths:4)
  5 tentacled starspawn (Abyss:5)
  15 Executioners
  7 death cobs
  A kraken (Shoals:1)
  8 sphinxes
  Polyphemus (Shoals:4)
  8 ancient champions
  Frances (D:13)
  10 tengu reavers
  The ghost of scionoferis the Carver, an adept DgIE (Spider:3)
  15 storm dragons
  10 shadow dragons
  10 azure jellies
  A daeva (Abyss:5)
  Roxanne (Shoals:2)
  10 draconian monks
  Ilsuiw (Shoals:2)
  A revenant (Crypt:3)
  11 fire giants
  19 frost giants
  Kirke (D:13)
  9 demonspawn warmongers
  The ghost of Valagong the Severer, a journeyman MiFi of Okawaru (Spider:4)
  6 draconian knights
  9 rockslimes
  13 ghost moths
  6 iron dragons
  6 draconian scorchers
  6 emperor scorpions
  6 deep elf sorcerers
  10 balrugs
  Aizul (Vaults:1)
  5 draconian stormcallers
  The ghost of Nabski the Devastator, an adept TeFE of Ignis (Shoals:2)
  7 draconian shifters
  22 ironbound preservers
  A caustic shrike zombie (Crypt:2)
  A shard shrike simulacrum (Abyss:5)
  19 vault wardens
  11 ghouls
  5 deep elf elementalists
  9 cacodemons
  8 demonspawn corrupters
  3 spriggan defenders
  An orc warlord (Orc:2)
  2 curse skulls
  8 reapers (Pan)
  4 draconian annihilators
  21 very ugly things
  4 war gargoyles
  18 stone giants
  3 ironbound thunderhulks
  2 broodmothers
  10 quicksilver oozes
  4 demonspawn blood saints (Pan)
  13 green draconians
  10 demonspawn black suns (Pan)
  4 vampire knights
  18 white draconians
  13 black draconians
  3 deep elf demonologists
  11 dire elephants
  3 spark wasps
  15 red draconians
  14 lorocyprocas
  7 yellow draconians
  5 deep elf annihilators
  15 purple draconians
  4 eidola
  A minotaur (Gauntlet)
  11 ettins
  3 merfolk javelineers
  2 mummy priests (Crypt:3)
  9 deep elf death magi
  6 entropy weavers
  6 green deaths (Pan)
  An entropy weaver (shapeshifter) (Elf:1)
  5 deep elf high priests
  9 yaktaur captains
  4 blizzard demons (Pan)
  8 merfolk impalers
  11 jiangshi
  10 fire dragons
  A fenstrider witch zombie (Crypt:2)
  9 hydras
  A spriggan zombie (Crypt:3)
  9 great orbs of eyes
  2 peacekeepers
  3 spriggan air magi
  3 rakshasas
  37 vault guards
  A catoblepas (Shoals:4)
  Erolcha (D:10)
  14 ice dragons
  4 ogre magi
  A jorogumo (Spider:3)
  3 hell beasts (Pan)
  2 death knights
  13 ironbound frosthearts
  2 juggernaut simulacra (Depths:4)
  A radroach (Spider:1)
  2 alligator snapping turtles
  15 two-headed ogres
  7 centaur warriors
  9 boulder beetles
  A satyr (Shoals:4)
  The ghost of Nol Upoh the Fighter, a journeyman GrFi of the Shining One (D:15)
  3 merfolk avatars
  4 merfolk aquamancers (Shoals:4)
  A hell hog (Gauntlet)
  Erica (D:9)
  10 death yaks
  4 vampire magi
  A death scarab (Spider:3)
  9 deep troll shamans
  4 thrashing horrors (Abyss:5)
  2 spriggan berserkers
  7 deep troll earth magi
  25 dancing weapons
  13 tengu warriors
  5 orc high priests
  18 hell knights
  32 sun demons
  31 soul eaters
  12 deep elf knights
  11 iron trolls
  A shadow wraith (Crypt:3)
  A golden dragon zombie (Depths:2)
  2 sun moths
  10 pharaoh ants
  2 spatial maelstroms (Abyss:5)
  7 sixfirhies (Pan)
  29 skeletal warriors
  2 death drakes (Depths:4)
  13 sea snakes
  A cherub (Pan)
  52 large abominations
  A flayed ghost (Abyss:5)
  4 glowing orange brains
  4 wretched stars (Abyss:5)
  6 shadow demons (Pan)
  10 orb spiders
  An iron giant zombie (Crypt:3)
  3 bog bodies
  73 deep trolls
  An obsidian statue (Zot:5)
  13 deep elf archers
  An orange crystal statue (IceCv)
  A golden dragon skeleton (Depths:3)
  5 wizards
  Pikel (D:6)
  6 orc knights
  11 phantasmal warriors
  8 lindwurms
  7 steelbarb worms
  17 harpies
  A harpy (shapeshifter) (Elf:1)
  15 ironbound convokers
  An anaconda skeleton (Crypt:3)
  14 necromancers
  21 deep elf zephyrmancers
  29 ugly things
  25 wolf spiders
  A worldbinder (Abyss:5)
  A tengu skeleton (Depths:2)
  A wolf spider (shapeshifter) (Vaults:5)
  4 fauns
  21 deep elf pyromancers
  8 orc sorcerers
  6 cyclopes
  15 manticores
  2 sphinx skeletons
  8 merfolk sirens
  Maurice (D:9)
  3 shining eyes
  An apocalypse crab (Abyss:5)
  26 elephants
  An iron dragon skeleton (Crypt:3)
  2 rust devils (Pan)
  10 black mambas
  28 moths of wrath
  11 torpor snails
  7 water nymphs (Shoals:4)
  13 vault sentinels
  29 demonic crawlers
  12 orange demons
  16 cane toads
  26 smoke demons
  3 unseen horrors
  4 eyes of devastation
  A green draconian zombie (Crypt:2)
  A storm dragon simulacrum (Depths:4)
  A gargoyle (D:12)
  Maggie (D:9)
  16 komodo dragons
  A centaur skeleton (Crypt:2)
  16 hellions
  A red draconian zombie (Crypt:3)
  An efreet (Pan)
  2 kobold demonologists (D:11)
  23 yaktaurs
  2 freezing wraiths (Crypt:1)
  2 yaktaur skeletons
  3 ice devils
  3 tormentors
  4 tengu conjurers
  An alligator snapping turtle skeleton (Crypt:3)
  11 rime drakes
  A bunyip simulacrum (Crypt:3)
  4 guardian mummies (Crypt:3)
  2 red devils (Pan)
  32 merfolk
  4 ancient zymes (Abyss:5)
  A queen bee (shapeshifter) (D:13)
  9 hellwings
  A wolf spider simulacrum (D:15)
  8 wind drakes
  34 tarantellas
  14 hornets
  A mana viper skeleton (Crypt:1)
  A merfolk (shapeshifter) (Vaults:5)
  7 trolls
  23 raiju (Abyss:5)
  19 polar bears
  10 snapping turtles
  112 slime creatures
  Grinder (D:6)
  A tengu simulacrum (Vaults:3)
  2 harpy skeletons (Crypt:3)
  4 dream sheep
  8 blink frogs
  28 water elementals
  A shapeshifter (Depths:4)
  6 flying skulls
  3 small abominations (Abyss:5)
  11 wraiths
  4 air elementals
  28 jumping spiders
  19 culicivoras
  2 vampires
  A black mamba skeleton (Crypt:2)
  4 wyverns
  27 yaks
  8 fire elementals
  2 ushabtiu (Crypt:3)
  A human (shapeshifter) (Elf:1)
  20 spriggans
  41 ynoxinuls
  7 basilisks
  3 fire bats (Gauntlet)
  4 hogs (D:13)
  16 humans
  27 golden eyes
  20 chaos spawn
  2 steam dragons
  54 redbacks
  18 neqoxecs
  6 vampire mosquitoes
  3 wargs
  A cane toad zombie (Crypt:1)
  A harpy simulacrum (Crypt:2)
  17 water moccasins
  2 acid dragons
  2 floating eyes
  10 hell hounds
  A faun skeleton (Crypt:2)
  A black bear (shapeshifter) (D:15)
  7 ice beasts
  3 sky beasts
  6 black bears
  An ice beast (shapeshifter) (D:15)
  A swamp dragon zombie (Crypt:2)
  34 orc warriors
  9 centaurs
  16 ogres
  50 wolves
  A manticore skeleton (Crypt:3)
  A torpor snail zombie (Crypt:1)
  7 boggarts
  A salamander zombie (Crypt:3)
  4 kobold brigands (D:11)
  A lemure (D:6)
  2 gnoll sergeants (D:9)
  Blork the orc (D:6)
  19 bullfrogs
  5 earth elementals
  4 necrophages
  A scorpion (D:5)
  7 wights (D:7)
  A water moccasin zombie (Crypt:2)
  A yak zombie (Crypt:3)
  5 killer bees (D:10)
  A polar bear skeleton (Crypt:2)
  8 electric eels
  A wolf skeleton (Crypt:3)
  11 hounds
  A jelly (D:6)
  24 orc priests
  2 human zombies
  2 gnoll boudas
  41 starcursed masses
  Terence (D:3)
  2 iguanas
  35 orc wizards
  A boggart skeleton (Crypt:2)
  3 wolf simulacra (Lair:2)
  2 polar bear simulacra (Lair:2)
  3 yak simulacra (Lair:2)
  A deep dwarf skeleton (Crypt:1)
  A hound zombie (Ossuary)
  An acid dragon skeleton (Crypt:1)
  7 mummies
  38 gnolls
  6 adders
  A shadow imp (D:5)
  7 white imps
  3 ufetubi
  2 adder zombies (Ossuary)
  5 worms
  A dart slug (D:3)
  83 orcs
  10 endoplasms
  6 giant cockroaches
  5 goblins
  5 hobgoblins
  15 jackals
  9 kobolds
  9 quokkas
  2 ball pythons
  6 bats
  An endoplasm zombie (Crypt:1)
  7 frilled lizards
  A gnoll zombie (Ossuary)
  A goblin zombie (Ossuary)
  A hobgoblin zombie (Ossuary)
  3 kobold zombies (Ossuary)
  2 orc zombies (Ossuary)
  A quokka skeleton (Crypt:3)
  A quokka zombie (Crypt:2)
  9 rats
  3 river rat simulacra (Lair:2)
  A plant (Depths:1)
  4 starspawn tentacles (Abyss:5)
  4 tentacles (Shoals:1)
3147 creatures vanquished.

Vanquished Creatures (collateral kills)
  A pandemonium lord (Pan)
  A caustic shrike (Depths:4)
  A golden dragon (Vaults:5)
  A bone dragon (Crypt:3)
  4 tentacled monstrosities
  An Orb Guardian (Zot:5)
  A walking earthen tome (Depths:3)
  A titan (Vaults:5)
  2 quicksilver dragons
  4 acid blobs
  2 ancient champions
  3 storm dragons
  2 shadow dragons
  Donald (Shoals:4)
  An azure jelly (Slime:4)
  2 rockslimes (Slime:3)
  3 draconian monks
  A deep elf sorcerer (Vaults:5)
  2 frost giants
  A fire giant (Vaults:5)
  A draconian scorcher (Zot:2)
  A demonspawn warmonger (Pan)
  A draconian shifter (Zot:5)
  An iron dragon (Depths:3)
  2 vault wardens (Vaults:5)
  A quicksilver ooze (Slime:4)
  3 draconian stormcallers
  4 stone giants
  A ghoul (Crypt:2)
  2 ironbound thunderhulks
  A reaper (Crypt:3)
  6 ironbound preservers
  A green draconian (Zot:5)
  2 draconian annihilators
  2 very ugly things
  A deep elf demonologist (Vaults:5)
  A black draconian (Zot:5)
  3 dire elephants (Vaults:1)
  2 white draconians (Depths:4)
  3 purple draconians
  2 red draconians (Depths:4)
  A yellow draconian (Zot:4)
  A merfolk javelineer (Depths:4)
  A jiangshi (Crypt:3)
  2 ice dragons
  A deep elf death mage (Crypt:1)
  3 fire dragons
  A deep elf high priest (Vaults:5)
  2 yaktaur captains
  A peacekeeper (Vaults:1)
  A catoblepas (Lair:2)
  2 ironbound frosthearts
  A death knight (Crypt:1)
  A tengu warrior (Depths:4)
  A two-headed ogre (Vaults:5)
  2 deep troll shamans
  A deep troll earth mage (Vaults:5)
  2 hell knights
  A titan skeleton (Vaults:2)
  An iron troll (Depths:4)
  2 skeletal warriors
  A sixfirhy (Pan)
  9 deep trolls
  4 ironbound convokers
  2 necromancers
  2 lindwurms
  A shadow dragon zombie (Crypt:3)
  3 phantasmal warriors
  A shining eye (Slime:4)
  An ugly thing (Depths:1)
  4 moths of wrath
  A dire elephant zombie (Crypt:2)
  2 fire giant skeletons
  2 vault sentinels (Vaults:2)
  A cane toad (Lair:2)
  A naga skeleton (Crypt:2)
  A freezing wraith (Crypt:1)
  8 yaktaurs
  A komodo dragon (Lair:2)
  A merfolk (shapeshifter) (Vaults:5)
  An ettin zombie (Vaults:2)
  21 slime creatures
  A flying skull (Crypt:2)
  A wraith (Crypt:2)
  2 ynoxinuls (Pan)
  A culicivora (shapeshifter) (Vaults:5)
  4 water elementals
  A spriggan (Depths:2)
  3 golden eyes
  A swamp drake (shapeshifter) (Vaults:5)
  A boggart (Vaults:1)
  2 ogres (Vaults:5)
  A snapping turtle skeleton (Crypt:2)
  An orc priest (Vaults:5)
  A boggart zombie (Crypt:1)
  A gnoll skeleton (Crypt:3)
193 creatures vanquished.

Vanquished Creatures (others)
  Nikola (Shoals:1)
  A vault warden (Vaults:5)
  A reaper (Pan)
  A demonspawn blood saint (Pan)
  A dire elephant (Vaults:2)
  A soul eater (Pan)
  A sea snake (Shoals:1)
  A steelbarb worm (Spider:3)
  A harpy (Shoals:3)
  A deep elf zephyrmancer (Elf:1)
  An ugly thing (D:15)
  A polar bear (IceCv)
  2 merfolk (Shoals:1)
  A snapping turtle (Shoals:1)
  A sphinx simulacrum (Depths:4)
  2 water elementals
  A chaos spawn (Pan)
  An orc warrior (Elf:2)
  A centaur (D:15)
  A glowing shapeshifter simulacrum (Depths:4)
  2 orcs (Elf:1)
  A bush (Lair:5)
  33 fungi
  117 plants
  12 starspawn tentacles
  8 tentacles
  16 withered plants
211 creatures vanquished.

Grand Total: 3551 creatures vanquished

Notes
Turn   | Place    | Note
-------+----------+-------------------------------------------
     0 | D:1      | oldriver the Ghoul Gladiator began the quest for the Orb.
     0 | D:1      | Reached XP level 1. HP: 17/17 MP: 0/0
   161 | D:1      | Reached XP level 2. HP: 25/25 MP: 1/1
   542 | D:1      | Reached XP level 3. HP: 30/30 MP: 2/2
  1347 | D:2      | Reached XP level 4. HP: 35/38 MP: 3/3
  2057 | D:3      | Reached XP level 5. HP: 45/45 MP: 4/4
  2473 | D:3      | Noticed Terence
  2494 | D:3      | Killed Terence
  2495 | D:3      | Reached XP level 6. HP: 52/52 MP: 5/5
  2548 | D:3      | Reached skill level 5 in Axes
  2732 | D:3      | Found a burning altar of Makhleb.
  2732 | D:3      | Noticed a balrug
  2735 | D:3      | Noticed a smoke demon
  2735 | D:3      | Noticed a ynoxinul
  2737 | D:3      | Became a worshipper of Makhleb the Destroyer
  2893 | D:4      | Found a sand-covered staircase.
  2903 | Ossuary  | Entered an ossuary
  2915 | Ossuary  | Reached * piety under Makhleb
  2925 | Ossuary  | Reached XP level 7. HP: 30/60 MP: 6/6
  4137 | D:4      | Identified a scroll of acquirement
  4137 | D:4      | Acquired a manual of Fighting
  4248 | D:5      | Entered Level 5 of the Dungeon
  4259 | D:5      | Reached skill level 5 in Fighting
  4283 | D:5      | Found Kuyrigg's Weapon Boutique.
  4303 | D:5      | Found Nucogug's Distillery.
  4310 | D:5      | Bought a potion of heal wounds for 70 gold pieces
  4335 | D:5      | Found a staircase to the Ecumenical Temple.
  4356 | D:5      | Reached skill level 1 in Stealth
  4476 | D:5      | Reached skill level 1 in Armour
  4553 | D:5      | Reached XP level 8. HP: 71/71 MP: 7/7
  5081 | D:6      | Noticed Grinder
  5085 | D:6      | Paralysed by Grinder for 2 turns
  5091 | D:6      | Killed Grinder
  5329 | D:6      | Noticed Blork the orc
  5342 | D:6      | Killed Blork the orc
  5421 | D:6      | Reached skill level 10 in Fighting
  5612 | D:6      | Reached ** piety under Makhleb
  5909 | D:6      | Noticed Pikel
  5923 | D:6      | Killed Pikel
  5924 | D:6      | Reached XP level 9. HP: 94/94 MP: 8/8
  6461 | D:7      | Identified the +1 pair of boots of the Kettle-Drum {Dex+5}
  6475 | D:7      | Reached skill level 15 in Fighting
  6661 | D:7      | Reached skill level 5 in Stealth
  6909 | D:7      | Reached XP level 10. HP: 93/106 MP: 9/9
  7053 | D:7      | Found a runed translucent door.
  7054 | D:7      | Noticed Crazy Yiuf
  7525 | D:8      | Noticed a two-headed ogre
  7770 | D:8      | Reached *** piety under Makhleb
  7910 | D:8      | Killed a two-headed ogre
  8590 | D:9      | Found Petupelodu's Armour Shop.
  8590 | D:9      | Noticed Erica
  8689 | D:9      | Found a flagged portal.
  8748 | Bailey   | Entered a bailey
  9290 | Bailey   | Noticed a two-headed ogre
  9312 | Bailey   | Killed a two-headed ogre
  9313 | Bailey   | Reached XP level 11. HP: 102/114 MP: 10/10
  9675 | D:9      | Found a staircase to the Lair.
  9732 | D:9      | Reached **** piety under Makhleb
  9747 | D:9      | Reached skill level 10 in Axes
  9911 | D:9      | Noticed Maurice
  9924 | D:9      | Killed Maurice
 10072 | D:9      | Noticed Maggie
 10090 | D:9      | Killed Maggie
 10256 | D:9      | Found an iron altar of Okawaru.
 10256 | D:9      | Found an ancient bone altar of Kikubaaqudgha.
 10487 | Lair:1   | Entered Level 1 of the Lair of Beasts
 10569 | D:10     | Entered Level 10 of the Dungeon
 10629 | D:10     | Noticed Erolcha
 11913 | Lair:2   | Noticed a necromancer
 11926 | Lair:2   | Killed a necromancer
 11927 | Lair:2   | Reached skill level 5 in Armour
 11927 | Lair:2   | Reached skill level 5 in Dodging
 12031 | Lair:2   | Found a hole to the Spider Nest.
 12870 | Lair:3   | Noticed a lindwurm
 12882 | Lair:3   | Killed a lindwurm
 12883 | Lair:3   | Reached XP level 12. HP: 93/122 MP: 11/11
 13770 | Lair:2   | Reached skill level 1 in Shields
 13868 | Lair:2   | Noticed a five-headed hydra
 13868 | Lair:2   | Noticed a five-headed hydra
 13870 | Lair:2   | Noticed a death yak
 13872 | Lair:2   | Noticed a death yak
 14025 | Lair:2   | Found a staircase to the Shoals.
 14340 | Lair:2   | Reached ***** piety under Makhleb
 14352 | Lair:2   | Reached skill level 5 in Shields
 14681 | Lair:2   | Reached XP level 13. HP: 128/128 MP: 12/12
 15795 | Lair:2   | HP: 2/128 [death yak (17)]
 16968 | Lair:5   | Entered Level 5 of the Lair of Beasts
 17006 | Lair:5   | Reached skill level 15 in Axes
 17142 | Lair:5   | Reached XP level 14. HP: 41/137 MP: 13/13
 17278 | Lair:5   | Found a dark tunnel.
 17292 | Volcano  | Entered a volcano
 17516 | Volcano  | Reached skill level 1 in Invocations
 18423 | Lair:5   | Reached ****** piety under Makhleb
 19368 | Lair:5   | Found a viscous altar of Jiyva.
 19369 | Lair:5   | Found a staircase to the Slime Pits.
 19477 | Lair:5   | Reached skill level 5 in Throwing
 20022 | D:10     | Killed Erolcha
 20040 | D:10     | Found a staircase to the Orcish Mines.
 20067 | D:10     | Reached XP level 15. HP: 145/145 MP: 17/17
 20236 | D:10     | Reached skill level 5 in Invocations
 20246 | D:10     | Noticed Sonja
 20247 | D:10     | Sonja changed into Sonja the sky beast
 20247 | D:10     | Noticed Sonja
 20258 | D:10     | Killed Sonja the sky beast
 20271 | D:10     | Found a stormy altar of Qazlal.
 20584 | Orc:1    | Entered Level 1 of the Orcish Mines
 20617 | Orc:1    | Found Cofinip's Weapon Boutique.
 20984 | Orc:2    | Entered Level 2 of the Orcish Mines
 20984 | Orc:2    | Found a staircase to the Elven Halls.
 20992 | Orc:2    | Paralysed by an orc sorcerer for 4 turns
 21349 | Orc:2    | Noticed an orc warlord
 21825 | Orc:2    | Killed an orc warlord
 22832 | Orc:2    | Found Zaexiuno's Antique Armour Shop.
 22833 | Orc:2    | Found Kedicam's Antique Weapon Shop.
 22835 | Orc:2    | Found Xucrimip's General Store.
 22835 | Orc:2    | Found Woisefuq's Book Boutique.
 22840 | Orc:2    | Bought a scroll of fear for 44 gold pieces
 23158 | D:9      | Killed Erica
 23335 | D:10     | Reached skill level 1 in Evocations
 24919 | D:12     | Found a portal to a secret trove of treasure.
 25176 | D:13     | Found a gate leading to a gauntlet.
 25191 | Gauntlet | Entered a Gauntlet
 25191 | Gauntlet | Found a transporter.
 25191 | Gauntlet | Found a transporter.
 25192 | Gauntlet | Found a transporter.
 25192 | Gauntlet | Found a transporter.
 25195 | Gauntlet | Found a transporter.
 25210 | Gauntlet | Found a transporter.
 25235 | Gauntlet | Found a transporter.
 25296 | Gauntlet | Found a transporter.
 25312 | Gauntlet | Found a transporter.
 25321 | Gauntlet | Found a transporter.
 25335 | Gauntlet | Found a transporter.
 25352 | Gauntlet | Found a transporter.
 25432 | Gauntlet | Identified the +0 pair of boots of Ezumets {rElec}
 25464 | Gauntlet | Identified the ring "Alost" {rPois rC+++ Str+6 Int+6}
 25511 | Gauntlet | Identified the +0 robe of Kugiz {Drain +Inv Int-4 Dex+5}
 25738 | D:13     | Noticed Kirke
 25747 | D:13     | Killed Kirke
 25857 | D:13     | Noticed Rupert
 25899 | D:14     | Found a gate to the Vaults.
 26048 | D:13     | Noticed Frances
 26159 | D:13     | Killed Frances
 26547 | Shoals:1 | Entered Level 1 of the Shoals
 26551 | Shoals:1 | Reached XP level 16. HP: 157/157 MP: 18/20
 26559 | Shoals:1 | Noticed Nikola
 26577 | Shoals:1 | Killed Nikola
 26861 | Shoals:1 | Reached skill level 10 in Armour
 27429 | Shoals:1 | Noticed a kraken
 27446 | Shoals:1 | Killed a kraken
 27921 | Shoals:2 | Noticed Ilsuiw
 27973 | Shoals:2 | Identified Roxanne's Directory of Topography
 27973 | Shoals:2 | Noticed Roxanne
 27980 | Shoals:2 | Noticed a kraken
 28519 | Shoals:2 | Found a runed translucent door.
 28519 | Shoals:2 | Noticed Nabski's ghost (adept TeFE)
 28816 | Spider:1 | Entered Level 1 of the Spider Nest
 28965 | D:9      | Bought the +12 gold dragon scales "Ingihowk" {Harm rPois
                  | rF+ rC+ Will+++ Int-4 Dex-5} for 2169 gold pieces
 30462 | Spider:2 | Acquired 791 gold pieces
 30549 | Spider:2 | Reached XP level 17. HP: 152/163 MP: 21/21
 31587 | Spider:3 | Identified the +4 halberd of Joyful Slaughter {antimagic,
                  | Fragile rElec rPois rN++}
 33101 | Spider:4 | Entered Level 4 of the Spider Nest
 33435 | Spider:4 | Found a runed translucent gate.
 33435 | Spider:4 | Found a runed translucent gate.
 33435 | Spider:4 | Found a runed translucent gate.
 33454 | Spider:4 | Noticed Valagong's ghost (journeyman MiFi)
 33454 | Spider:4 | Noticed scionoferis's ghost (adept DgIE)
 33583 | Spider:4 | Reached skill level 10 in Invocations
 33615 | Spider:4 | Acquired a manual of Axes
 33748 | Spider:4 | Noticed Arachne
 33772 | Spider:4 | Killed Arachne
 34620 | Shoals:2 | Killed Ilsuiw
 34892 | Shoals:3 | Reached XP level 18. HP: 172/172 MP: 24/24
 35941 | Shoals:4 | Entered Level 4 of the Shoals
 36780 | Shoals:4 | Got Pooconuz's Essays on Breath and Leadership
 37646 | Shoals:4 | Noticed Polyphemus
 37660 | Shoals:4 | Killed Polyphemus
 37700 | Shoals:4 | Got a barnacled rune of Zot
 37748 | Shoals:4 | Noticed Donald
 37757 | Shoals:4 | Killed Donald
 38927 | Spider:4 | Got a gossamer rune of Zot
 39077 | Spider:3 | Killed scionoferis's ghost
 39078 | Spider:3 | Reached skill level 5 in Evocations
 39087 | Spider:4 | Killed Valagong's ghost
 39150 | Spider:4 | Identified the ring of Jualaepp {Int+3 Dex+6}
 39485 | D:13     | Reached XP level 19. HP: 176/180 MP: 26/26
 40018 | D:13     | Killed Rupert
 40127 | D:15     | Entered Level 15 of the Dungeon
 40240 | D:15     | Found a frozen archway.
 40245 | IceCv    | Entered an ice cave
 40896 | D:15     | Found a runed translucent gate.
 40896 | D:15     | Noticed Nol Upoh's ghost (journeyman GrFi)
 40897 | D:15     | Found a runed translucent gate.
 40899 | D:15     | Found a runed translucent gate.
 41145 | D:15     | Found a staircase to the Depths.
 41277 | D:15     | Found an iron altar of Okawaru.
 41571 | D:15     | Found a snail-covered altar of Cheibriados.
 41861 | Elf:1    | Entered Level 1 of the Elven Halls
 42069 | Elf:1    | Paralysed by an air elemental for 1 turns
 42133 | Elf:1    | Identified the ring of Padaheg {Wiz rN+ Stlth+}
 42339 | Elf:1    | Found Burul's Antique Weapon Shop.
 42605 | Elf:1    | Found a runed translucent gate.
 42605 | Elf:1    | Found a runed translucent gate.
 42605 | Elf:1    | Found a runed translucent gate.
 42605 | Elf:1    | Found a runed translucent gate.
 42605 | Elf:1    | Found a runed translucent gate.
 42607 | Elf:1    | Found a runed translucent gate.
 42790 | Elf:2    | Reached XP level 20. HP: 180/193 MP: 27/27
 43304 | Elf:2    | Reached skill level 10 in Evocations
 43841 | Elf:2    | Found a large runed translucent door.
 43841 | Elf:2    | Found a large runed translucent door.
 43867 | Elf:2    | Found a large runed translucent door.
 43867 | Elf:2    | Found a large runed translucent door.
 44021 | Elf:3    | Entered Level 3 of the Elven Halls
 44578 | Elf:3    | Paralysed by an air elemental for 1 turns
 44587 | Elf:3    | Paralysed by an air elemental for 1 turns
 45637 | Elf:3    | Identified the amulet "Inoajiud" {rF- Regen+ Str+6}
 45805 | Elf:3    | Reached skill level 10 in Shields
 45863 | Elf:3    | Reached skill level 10 in Dodging
 46001 | Elf:3    | Got the Guide on Coarse Pyromancy
 46058 | Elf:3    | Got the Grimoire of Lithomancy
 46068 | Elf:3    | Identified the ring "Ezep Asch" {*Slow rElec rC++ rCorr
                  | Int+6}
 46075 | Elf:3    | Identified the +4 ring mail of Saofiorr {Str+3 Stlth+}
 46487 | Vaults:1 | Entered Level 1 of the Vaults
 46556 | Vaults:1 | You are sucked into a shaft and drop 1 floor!
 46558 | Vaults:2 | Reached XP level 21. HP: 204/204 MP: 28/28
 46766 | Vaults:2 | Found Dorecs's Armour Shop.
 46969 | Vaults:2 | Reached skill level 15 in Armour
 47138 | Vaults:2 | Found Naomp's Weapon Shoppe.
 47798 | Vaults:1 | Noticed Aizul
 47811 | Vaults:1 | Killed Aizul
 47956 | Vaults:1 | Reached XP level 22. HP: 220/220 MP: 29/29
 49062 | Slime:1  | Entered Level 1 of the Pits of Slime
 49813 | Slime:3  | Reached skill level 10 in Throwing
 51112 | Slime:5  | Entered Level 5 of the Pits of Slime
 52526 | Slime:5  | Noticed the Royal Jelly
 52532 | Slime:5  | Killed the Royal Jelly
 52533 | Slime:5  | Reached XP level 23. HP: 229/229 MP: 30/30
 52653 | Slime:5  | Identified the +3 scale mail "Zyrhex" {-Tele rC+ Str+3
                  | Dex+4}
 52725 | Slime:5  | Got the Opusculum on the Winter and Beguiling
 52727 | Slime:5  | Got a slimy rune of Zot
 52761 | Slime:5  | Got Paarchite's Encyclopedia of Imprecation
 53622 | Vaults:3 | Reached skill level 15 in Throwing
 53705 | Vaults:3 | Found a staircase to the Crypt.
 54295 | Vaults:3 | Found the +2 shield of Resistance {rF++ rC++ Will++}
 54718 | Vaults:4 | Noticed Mara
 54747 | Vaults:4 | Killed Mara
 55156 | Vaults:4 | Noticed Boris
 55177 | Vaults:4 | Killed Boris
 55561 | Vaults:4 | Found the +8 trishula "Condemnation" {holy, anguish, *Noise
                  | Fly rN+}
 55713 | Vaults:4 | Identified the +1 chain mail of the Merchant {rC+}
 55810 | Vaults:5 | Entered Level 5 of the Vaults
 55835 | Vaults:5 | Noticed a golden dragon
 55851 | Vaults:5 | Reached XP level 24. HP: 238/238 MP: 30/30
 56046 | Vaults:5 | Got the Secrets of the Stony Traveller
 56308 | Vaults:5 | Noticed a dread lich
 56316 | Vaults:5 | Killed a dread lich
 56393 | Vaults:5 | Identified the +1 chain mail "Wyvi" {Dex+3}
 56438 | Vaults:5 | Noticed an ancient lich
 56450 | Vaults:5 | Killed an ancient lich
 56456 | Vaults:5 | Identified the amulet "Xics" {Spirit Str+2}
 56922 | Vaults:5 | Identified the +4 short sword "Juicvient" {freeze, rElec
                  | rPois rN+++ Str-5}
 57044 | Vaults:5 | Identified the +0 plate armour of Norised {Contam rPois rF+
                  | Dex+5}
 57061 | Vaults:5 | Got a silver rune of Zot
 57398 | Crypt:1  | Entered Level 1 of the Crypt
 57586 | Crypt:1  | Reached XP level 25. HP: 253/253 MP: 30/30
 57695 | Crypt:1  | Noticed Zenata
 57710 | Crypt:1  | Killed Zenata
 58083 | Crypt:1  | Noticed a royal mummy
 58090 | Crypt:1  | Noticed Khufu
 58103 | Crypt:1  | Killed a royal mummy
 58113 | Crypt:1  | Killed Khufu
 58382 | Crypt:2  | Noticed Boris
 58394 | Crypt:2  | Killed Boris
 58856 | Crypt:2  | Identified the +9 falchion of the Sea {elec, rElec Str+4}
 59360 | Crypt:3  | Entered Level 3 of the Crypt
 59703 | Crypt:3  | Found a staircase to the Tomb.
 60181 | Crypt:3  | Found a basalt altar of Yredelemnul.
 60181 | Crypt:3  | Found an ancient bone altar of Kikubaaqudgha.
 60240 | Crypt:3  | Got the Papyrus of Supportive Topography
 60268 | Crypt:3  | Identified the ring of Elleazaq {rN+ Will+ Str+8 Dex-4}
 60268 | Crypt:3  | Identified the ring of Makhleb's Supremacy {rF+++ rN+ Int-3
                  | Dex-5 Stlth+}
 60274 | Crypt:3  | Got Kikubaaqudgha's Quarto of Unhallowed Rituals
 60544 | Depths:1 | Entered Level 1 of the Depths
 60800 | Depths:1 | Noticed Asterion
 60801 | Depths:1 | Found a runed translucent door.
 60817 | Depths:1 | Killed Asterion
 60854 | Depths:1 | Found Dobb's Jewellery Emporium.
 60856 | Depths:1 | Found Vasor's Armour Shoppe.
 60858 | Depths:1 | Found Vown's Distillery.
 60867 | Depths:1 | Bought a potion of curing for 39 gold pieces
 60867 | Depths:1 | Bought a potion of haste for 130 gold pieces
 60867 | Depths:1 | Bought a potion of might for 52 gold pieces
 60900 | Depths:1 | Reached XP level 26. HP: 264/264 MP: 30/30
 60936 | Depths:1 | Paralysed by a floating eye for 4 turns
 61065 | Depths:1 | Found a gateway to Hell.
 61178 | Depths:1 | Reached skill level 27 in Fighting
 62206 | Depths:2 | Reached skill level 15 in Dodging
 62209 | Depths:2 | Reached skill level 15 in Shields
 62458 | Depths:2 | Found a one-way gate leading to the halls of Pandemonium.
 62706 | Depths:3 | Found Irioch's Antique Weapon Boutique.
 62789 | Depths:3 | Noticed a juggernaut
 62798 | Depths:3 | Killed a juggernaut
 62829 | Depths:3 | Acquired the amulet of Vuohihaf {Spirit Contam rF+ Will+
                  | Str+8 Int-2}
 63121 | Depths:3 | Found Big Baal Hell's Store.
 63289 | Depths:3 | Found a one-way gateway to a ziggurat.
 63671 | Depths:3 | Found a corrupted altar of Lugonu.
 63672 | Depths:3 | Found a one-way gate to the infinite horrors of the Abyss.
 63827 | Depths:4 | Entered Level 4 of the Depths
 63827 | Depths:4 | Identified the ring "Vosiuc" {Ice rN+}
 63827 | Depths:4 | Noticed Josephina
 63839 | Depths:4 | Paralysed by a floating eye for 4 turns
 63845 | Depths:4 | Killed Josephina
 63846 | Depths:4 | Reached XP level 27. HP: 177/273 MP: 15/30
 64677 | Depths:4 | Reached skill level 15 in Invocations
 64776 | Depths:4 | Found a gate to the Realm of Zot.
 64798 | Depths:4 | Reached skill level 10 in Stealth
 64859 | Depths:4 | Got the Spellbook of Conjuration
 65098 | Depths:4 | Acquired a manual of Armour
 65240 | Zot:1    | Entered Level 1 of the Realm of Zot
 65511 | Zot:1    | Identified the amulet of Vorom {Faith rPois rF+ Str+4}
 65570 | Zot:1    | Identified the ring "Jihiasianaa" {rC+ Will++}
 69374 | Zot:4    | Noticed Meadakhi's ghost (master DgEE)
 69435 | Zot:4    | Found a runed translucent door.
 69645 | Zot:5    | Entered Level 5 of the Realm of Zot
 69919 | Zot:5    | Found a transporter.
 69934 | Zot:5    | Found a transporter.
 69956 | Zot:5    | Found a transporter.
 69959 | Zot:5    | Found a transporter.
 70121 | Zot:5    | Noticed a dread lich
 70130 | Zot:5    | Killed a dread lich
 71217 | D:15     | Killed Nol Upoh's ghost
 71229 | D:15     | Identified the +10 broad axe of Pride {freeze, SInv Stlth+}
 71389 | Pan      | Entered Pandemonium
 71389 | Pan      | Noticed Teselug the pandemonium lord
 71481 | Abyss:5  | Cast into level 5 of the Abyss (Teselug)
 71539 | Abyss:5  | Found a corrupted altar of Lugonu.
 71744 | Abyss:5  | Got an abyssal rune of Zot
 71751 | Abyss:5  | Paralysed by accursed screaming for 2 turns
 71758 | Abyss:5  | Paralysed by accursed screaming for 2 turns
 71767 | Abyss:5  | Paralysed by accursed screaming for 2 turns
 71776 | Abyss:5  | Paralysed by accursed screaming for 2 turns
 71782 | Abyss:5  | Paralysed by accursed screaming for 1 turns
 71824 | Abyss:5  | Identified the +3 tower shield of Leviagg {rC+}
 71880 | Pan      | Escaped the Abyss
 71913 | Pan      | Reached skill level 27 in Armour
 72351 | Abyss:5  | Found a corrupted altar of Lugonu.
 72351 | Abyss:5  | Cast into level 5 of the Abyss (reaper)
 72356 | Pan      | Escaped the Abyss
 72550 | Pan      | Killed Teselug the pandemonium lord
 74573 | Pan      | Found a huge runed translucent gate.
 74575 | Pan      | Found a huge runed translucent gate.
 74576 | Pan      | Found a huge runed translucent gate.
 74576 | Pan      | Found a huge runed translucent gate.
 74576 | Pan      | Found a huge runed translucent gate.
 75308 | Pan      | Found a huge runed translucent gate.
 75309 | Pan      | Found a huge runed translucent gate.
 75468 | Pan      | Noticed Ocyxism the pandemonium lord
 75785 | Pan      | Noticed Ciunt the pandemonium lord
 75868 | Pan      | Killed Ciunt the pandemonium lord
 76511 | Pan      | Acquired the +0 helmet of Lurys {rPois Will+ Str+3 Stlth+}
 77166 | Pan      | Noticed Imioss the pandemonium lord
 77182 | Pan      | Killed Imioss the pandemonium lord
 78241 | Pan      | Noticed Singin the pandemonium lord
 78256 | Pan      | Paralysed by a floating eye for 4 turns
 78261 | Pan      | Killed Singin the pandemonium lord
 78695 | Pan      | Reached skill level 15 in Stealth
 79146 | Pan      | Noticed Zueptuic the pandemonium lord
 79157 | Pan      | Killed Zueptuic the pandemonium lord
 80313 | Pan      | Noticed Cowkelio the pandemonium lord
 81489 | Pan      | Banished Cowkelio the pandemonium lord
 82218 | Pan      | Found an exit through the horrors of the Abyss.
 82526 | Pan      | Took an exit into the Abyss.
 82526 | Abyss:5  | Escaped into the Abyss
 82529 | Abyss:5  | Found a corrupted altar of Lugonu.
 82552 | Depths:2 | Escaped the Abyss
 83866 | Shoals:2 | Killed Nabski's ghost
 83889 | Shoals:2 | Killed Roxanne
 84874 | Zot:5    | Noticed an orb of fire
 84890 | Zot:5    | Killed an orb of fire
 85034 | Zot:5    | Noticed an orb of fire
 85142 | Zot:5    | Noticed an orb of fire
 85154 | Zot:5    | Killed an orb of fire
 85154 | Zot:5    | Noticed an orb of fire
 85155 | Zot:5    | Noticed an orb of fire
 85176 | Zot:5    | Killed an orb of fire
 85183 | Zot:5    | Noticed a dread lich
 85185 | Zot:5    | Killed an orb of fire
 85201 | Zot:5    | Killed a dread lich
 85958 | Zot:5    | Noticed an orb of fire
 85975 | Zot:5    | Killed an orb of fire
 85976 | Zot:5    | Noticed an orb of fire
 85978 | Zot:5    | Noticed an orb of fire
 85999 | Zot:5    | Killed an orb of fire
 86001 | Zot:5    | Killed an orb of fire
 86052 | Zot:5    | Killed an orb of fire
 86134 | Zot:5    | Noticed an orb of fire
 86158 | Zot:5    | Killed an orb of fire
 86312 | Zot:5    | Noticed an orb of fire
 86338 | Zot:5    | Killed an orb of fire
 86389 | Zot:5    | Noticed an orb of fire
 86444 | Zot:4    | Killed an orb of fire
 86861 | Zot:5    | Reached skill level 15 in Evocations
 87032 | Zot:5    | Got the Orb of Zot
 87333 | D:14     | Noticed Jittiq the pandemonium lord
 87349 | D:14     | Killed Jittiq the pandemonium lord
 87634 | D:$      | Escaped with the Orb!

Illustrated notes

Levels and vault maps discovered:
D:1:      elethiomel_arrival_maze, layout_basic, supply_closet_lemuel
D:2:      layout_loops_ring
D:3:      layout_loops_cross, makhleb_altar_promises_db, uniq_terence
D:4:      layout_layer_cave, gup_ossuary_entry_pyramid
D:5:      layout_basic, mainiacjoe_overflow_surrounded_room,
          minmay_temple_entry_slanted, serial_shops, nicolae_square_shop,
          nicolae_shop_bloodbath_and_beyond
D:6:      layout_loops_ring, mainiacjoe_overflow_tiny_flanked, uniq_grinder,
          uniq_blork_the_orc, uniq_pikel
D:7:      layout_basic, uniq_crazy_yiuf_cottage
D:8:      layout_loops_corners
D:9:      layout_loops_ring, chequers_temple_overflow_statue_of_worship,
          erik_lair_island, enter_bailey_2, serial_shops,
          nicolae_take_the_stairs, uniq_erica, uniq_maggie, uniq_maurice
D:10:     layout_basic, nicolae_qazlal_scattered_showers, david_orc_3,
          nicolae_eternal_life, uniq_erolcha, uniq_sonja
D:11:     hellmonk_ruined_rings, layout_irregular_city, hex_large,
          kennysheep_flooded_box
D:12:     layout_loops_cross, nicolae_trove_entry_free_sample,
          lemuel_flame_loot_1
D:13:     layout_roguey, gauntlet_entry_generic, uniq_kirke, uniq_rupert,
          uniq_frances
D:14:     layout_rooms, david_vaults_3, minmay_misc_feat_square
D:15:     hangedman_depths_entry_try_elsewhere_first, layout_basic,
          okawaru_gym_becter, gammafunk_ghost_split, serial_ice, serial_ice_n,
          serial_ice_e, serial_ice_o, serial_ice_h,
          portal_ice_cave_entry_pillars_three, slow_altar_2
Lair:1:   layout_cave_pods, chequers_serial_rivers_room_b, lemuel_fruit_fields
Lair:2:   nzn_winding_woodlands_huge [nzn_winding_woodlands_5x15_pathside_ponds,
          nzn_winding_woodlands_5x15_cabin, nzn_winding_woodlands_5x15_zeroes,
          nzn_winding_woodlands_5x15_sidewinder,
          nzn_winding_woodlands_5x15_pool, nzn_winding_woodlands_5x15_parted,
          nzn_winding_woodlands_5x15_crooked, nzn_winding_woodlands_5x15_jagged,
          nzn_winding_woodlands_5x15_garden, nzn_winding_woodlands_5x15_twine,
          nzn_winding_woodlands_center_garden,
          nzn_winding_woodlands_center_pierced_h,
          nzn_winding_woodlands_15x15_killbox], layout_gridlike,
          spider_nest_entry_a, eino_house_with_fridge
Lair:3:   layout_regular_city
Lair:4:   layout_regular_city
Lair:5:   minmay_lair_end_enchanted_forest, layout_loops_ring,
          dpeg_slime_entry_enclosed, nicolae_volcano_entry_hallway,
          fungi_pond_lemuel, grunt_forest_large_clearings
Shoals:1: layout_shoals, uniq_nikola
Shoals:2: layout_shoals, gammafunk_ghost_grave, uniq_roxanne, uniq_ilsuiw
Shoals:3: layout_shoals, nicolae_shoals_so_close
Shoals:4: shoals_end_grunt_ice, layout_shoals, uniq_polyphemus, uniq_donald
Spider:1: layout_chambers, hangedman_spider_tarantella_strand
Spider:2: layout_spider_delve, hellmonk_narrow_tunnel
Spider:3: layout_chambers
Spider:4: spider_rune_water, gammafunk_ghost_cemetery, uniq_arachne
Slime:1:  layout_caves
Slime:2:  layout_caves
Slime:3:  nicolae_slime_pool, layout_caves
Slime:4:  cheibrodos_slime_lost_civilization_1, layout_caves
Slime:5
Orc:1:    layout_caves, serial_shops, nicolae_shop_crystal
Orc:2:    st_orc_congregation, layout_diamond_mine
Elf:1:    minmay_elf_arrival_plus, layout_geoelf_diagonals, serial_shops, shop,
          orc_legates, dreamdust_mushroom_princess
Elf:2:    elven_hall_of_blades_hangedman_alternative
          [nicolae_blade_entry_splitting_headache], layout_geoelf_octagon,
          uniq_louise
Elf:3:    minmay_elf_hall, layout_geoelf_castle, amcnicky_mini_corridor_feature,
          corexii_checkpoint_a
Vaults:1: ontoclasm_vaults_decontamination, v_pattern_1, ontoclasm_vaults_idyll,
          v_alt_pattern_5, ontoclasm_vaults_fault, st_octagons_1,
          hangedman_vaults_snaps, vaults_room_boxed, vaults_room_door_ring,
          hangedman_vaults_corner, ontoclasm_vaults_spin, layout_vaults_omnibox,
          uniq_aizul
Vaults:2: nicolae_vaults_ring_of_whatevers, ontoclasm_vaults_ring_square,
          v_misc_16, vaults_room_large_hall, dpeg_vaults_monster_box,
          grunt_vaults_twisty, hangedman_vaults_slither,
          nicolae_vaults_quartermaster, hangedman_vaults_hat,
          vaults_room_semicircle, v_misc_22, v_misc_27, nicolae_vaults_alarming,
          layout_vaults_maze, serial_shops, shop, nicolae_shop_hallway_plus
Vaults:3: hangedman_vaults_stitches, nicolae_vaults_little_squares_5,
          hangedman_vaults_stretched_pinwheel, nicolae_vaults_big_angled_halls,
          vaults_room_corners, v_alt_pattern_2,
          nicolae_vaults_twisting_passages, serial_ice_g, v_misc_8,
          layout_vaults_omnigrid, minmay_crypt_entry_simple_sparse
Vaults:4: vaults_room_hangedman_quadrants, serial_ice_b,
          ontoclasm_vaults_ligature, nicolae_vaults_hallways_thing,
          nicolae_vaults_what_the_h, vaults_room_stairs_pillars,
          layout_vaults_chaotic_city, uniq_mara, uniq_boris
Vaults:5
Crypt:1:  layout_basic, minmay_misc_feat_cross, serial_sigils_hangedman_snap,
          grunt_crypt_arrival_webbed, uniq_khufu, uniq_zenata
Crypt:2:  layout_gridlike, grunt_ministairs_10, hex_intersection,
          nicolae_danse_macabre
Crypt:3:  lightli_unholy_cathedral, layout_chaotic_city,
          nicolae_tomb_entry_rubble_hallway
Depths:1: layout_cave_shapes, chequers_big_river, grunt_hell_entry_dis_mu,
          lightli_giant_bouncers, serial_bayou_shore_b, minmay_shop_star,
          uniq_asterion
Depths:2: kennysheep_bubbly, layout_gridlike, grunt_metal_band,
          rand_demon_pan_entry_5, grunt_tough_drop
Depths:3: hangedman_cross_stitches, layout_gridlike, enter_ziggurat_a,
          abyss_entry_flame_altar, nicolae_hell_entry_big_baal_hell,
          nicolae_inconvenience_store, kennysheep_pointless_box,
          serial_bayou_shore_b
Depths:4: lemuel_castle_with_subvaults [lemuel_castle_interior_carwin_3],
          layout_cave_pools, pf_coc_iceberg, roderic_nine_men_s_morris,
          st_stairs_6, uniq_josephina
Zot:1:    layout_concentric_octagons
Zot:2:    lemuel_draconian_sentries_small, layout_cellular_growth
Zot:3:    layout_basic, grunt_ministairs_12
Zot:4:    layout_gridlike, hellmonk_ghost_happy_afterlife
Zot:5:    layout_misc_corridors, nicolae_diode_intersection

Skill      XL: |  1  2  3  4  5  6  7  8  9 10 11 12 13 14 15 16 17 18 19 20 21 22 23 24 25 26 27 |
---------------+----------------------------------------------------------------------------------+-----
Axes           | 3 4 5 6 9 11 13 15 16 18 20 | 20.0
Throwing       | 2 3 5 14 15 | 15.0
Fighting       | 3 4 6 13 15 16 17 18 20 21 23 24 26 27 | 27.0
Stealth        | 2 3 5 7 9 15 | 15.0
Armour         | 1 2 3 5 7 8 9 11 12 14 15 16 17 20 27 | 27.0
Dodging        | 3 5 7 8 9 10 11 12 13 14 15 20 | 20.4
Shields        | 5 7 9 10 11 12 13 14 15 17 | 17.0
Invocations    | 4 6 7 10 11 15 | 15.0
Evocations     | 3 4 5 9 10 11 15 | 15.0

Action                     |  1- 3 |  4- 6 |  7- 9 | 10-12 | 13-15 | 16-18 | 19-21 | 22-24 | 25-27 || total
---------------------------+-------+-------+-------+-------+-------+-------+-------+-------+-------++-------
  Melee: War axe           |   122 |   193 |   298 |   768 |  1610 |       |       |       |       ||  2991
         Punch             |     1 |       |     6 |    10 |       |       |       |       |       ||    17
         Whip              |       |       |       |       |    64 |       |    28 |       |       ||    92
         Broad axe         |       |       |       |       |   114 |  1462 |  1245 |   901 |  3595 ||  7317
  Throw: Boomerang         |     2 |    24 |    25 |    52 |   119 |   120 |    10 |    76 |    25 ||   453
         Dart              |       |     4 |    16 |    14 |    12 |       |       |       |       ||    46
         Javelin           |       |       |       |       |       |       |       |     1 |       ||     1
 Invoke: Minor Destruction |       |       |       |       |     2 |       |       |       |       ||     2
         Major Destruction |       |       |       |       |     2 |       |       |       |       ||     2
  Evoke: Wand              |       |       |       |       |     6 |    17 |       |     1 |    18 ||    42
         Lightning rod     |       |       |       |       |     4 |     2 |       |     3 |       ||     9
         Condenser vane    |       |       |       |       |       |     2 |       |     3 |     3 ||     8
         Phantom mirror    |       |       |       |       |       |     1 |       |       |     7 ||     8
         Tin of tremorston |       |       |       |       |       |       |       |     1 |     1 ||     2
    Use: Potion            |     1 |       |       |     4 |     8 |     3 |       |     2 |    27 ||    45
         Scroll            |       |     5 |     9 |    12 |    14 |    17 |     1 |     7 |    20 ||    85
   Stab: Sleeping          |     1 |       |       |     7 |     8 |       |       |       |       ||    16
         Distracted        |       |       |       |     1 |     3 |     4 |     8 |    18 |    40 ||    74
         Invisible         |       |       |       |       |       |       |       |     3 |     2 ||     5
         Paralysed         |       |       |       |       |       |       |       |       |     1 ||     1
 Armour: Robe              |    40 |    37 |    80 |     4 |       |       |       |       |       ||   161
         Leather armour    |     1 |       |       |       |       |       |       |       |       ||     1
         Steam dragon scal |       |       |       |    25 |       |       |       |       |       ||    25
         Fire dragon scale |       |       |       |   198 |   575 |    91 |       |       |       ||   864
         Gold dragon scale |       |       |       |       |       |   932 |   650 |   367 |  2169 ||  4118
  Dodge: Dodged            |   108 |   219 |   264 |   496 |   911 |   574 |   225 |   146 |  1329 ||  4272
  Block: Other             |       |       |    62 |    85 |       |       |       |       |       ||   147
         Reflection        |       |       |     4 |     1 |    36 |    61 |    61 |    25 |       ||   188
         Buckler           |       |       |       |   137 |   797 |       |       |       |       ||   934
         Kite shield       |       |       |       |       |     8 |  1341 |   993 |   628 |  2297 ||  5267

Table legend: (Time is in decaauts)
 A = Elapsed time spent in this place.
 B = Non-inter-level travel time spent in this place.
 C = Inter-level travel time spent in this place.
 D = Time resting spent in this place.
 E = Time spent auto-exploring this place.
 F = Levels seen in this place.
 G = Mean time per level.
                   A        B        C        D        E       F      G
               +--------+--------+--------+--------+--------+-----+--------+
         Total |  86725 |  77584 |   9141 |  12361 |  43511 |  71 | 1221.5 |
       Dungeon |  17125 |  14394 |   2731 |    850 |   9702 |  15 | 1141.7 |
          Lair |  10324 |   8446 |   1878 |   1379 |   4830 |   5 | 2064.8 |
        Shoals |   6550 |   6107 |    443 |   1910 |   2314 |   4 | 1637.5 |
   Spider Nest |   6089 |   5849 |    240 |    907 |   3484 |   4 | 1522.2 |
    Slime Pits |   3126 |   2805 |    321 |    191 |   1955 |   5 |  625.2 |
  Orcish Mines |   2519 |   2243 |    276 |    675 |    864 |   2 | 1259.5 |
   Elven Halls |   4539 |   4282 |    257 |    859 |   2357 |   3 | 1513.0 |
        Vaults |   6634 |   5779 |    855 |    112 |   4094 |   5 | 1326.8 |
         Crypt |   2941 |   2568 |    373 |      0 |   1961 |   3 |  980.3 |
        Depths |   5070 |   4336 |    734 |      0 |   3067 |   4 | 1267.5 |
           Zot |   8577 |   7548 |   1029 |   2119 |   3410 |   5 | 1715.4 |
         Abyss |    373 |    373 |      0 |      3 |      0 |   3 |  124.3 |
   Pandemonium |  10460 |  10460 |      0 |   2789 |   4648 |   8 | 1307.5 |
       Ossuary |    355 |    355 |      0 |    149 |     92 |   1 |  355.0 |
        Bailey |    764 |    764 |      0 |    411 |    117 |   1 |  764.0 |
      Ice Cave |    544 |    544 |      0 |      3 |    260 |   1 |  544.0 |
       Volcano |    333 |    333 |      0 |      0 |    126 |   1 |  333.0 |
      Gauntlet |    395 |    395 |      0 |      0 |    226 |   1 |  395.0 |
               +--------+--------+--------+--------+--------+-----+--------+

Top non-repeatable levels by time:
  Lair:2: 3876 daAuts
   Zot:5: 2906 daAuts
  Lair:5: 2400 daAuts
   Elf:3: 2255 daAuts
     D:9: 1983 daAuts
Spider:3: 1850 daAuts
Shoals:4: 1774 daAuts
   Orc:2: 1716 daAuts
Spider:4: 1706 daAuts
Shoals:3: 1698 daAuts
   Zot:4: 1606 daAuts
Shoals:1: 1604 daAuts
Depths:4: 1595 daAuts
Vaults:3: 1535 daAuts
Vaults:1: 1515 daAuts
